 Dungeon Crawl Stone Soup version 0.20.1-1-g8b1a95d (webtiles) character file.

669 tmwrnj the Chopper (level 7, -1/61 HPs)
             Began as a Hill Orc Fighter on July 6, 2017.
             Was an Initiate of Beogh.
             Slain by Sigmund
             ... wielding a +0 scythe
              (10 damage)
             ... on level 4 of the Dungeon.
             The game lasted 00:05:55 (2494 turns).

tmwrnj the Chopper (Hill Orc Fighter)               Turns: 2494, Time: 00:05:55

Health: -1/61      AC:  9    Str: 25    XL:     7   Next: 58%
Magic:  7/7        EV:  7    Int: 13    God:    Beogh [......]
Gold:   128        SH: 10    Dex: 11    Spells: 6/6 levels left

rFire    . . .     SeeInvis .   u - +0 war axe
rCold    . . .     Gourm    .   c - +0 shield
rNeg     . . .     Faith    .   q - +0 chain mail
rPois    .         Spirit   .   (no helmet)
rElec    .         Reflect  .   r - scarf {repulsion}
rCorr    .         Harm     .   (no gloves)
MR       .....                  (no boots)
Stlth    ..........             (no amulet)
Regen    0.2/turn               (no ring)
MPRegen  0.1/turn               (no ring)

@: mighty, brilliant, repel missiles
A: no striking features
a: Renounce Religion


You were on level 4 of the Dungeon.
You worshipped Beogh.
Beogh was noncommittal.
You were hungry.

You visited 1 branch of the dungeon, and saw 4 of its levels.

You collected 128 gold pieces.

Inventory:

Hand Weapons
 u - a +0 war axe (weapon)
Armour
 c - a +0 shield (worn)
 q - a +0 chain mail (worn)
 r - a scarf of repulsion (worn)
Jewellery
 l - an uncursed amulet of guardian spirit {unknown}
Scrolls
 e - 2 scrolls of remove curse {unknown}
 g - 3 scrolls of amnesia {unknown}
 i - a scroll of enchant weapon {unknown}
 k - 8 scrolls of identify {unknown}
 n - a scroll of fog {unknown}
 s - 2 scrolls of magic mapping {unknown}
Potions
 h - 3 potions of curing {unknown}
 j - 4 potions of brilliance
 m - 2 potions of heal wounds {unknown}
 p - 2 potions of invisibility {unknown}
 t - a potion of lignification {unknown}
Books
 a - a book of Necromancy

   Spells                             Type                      Level
   a - Pain                           Necromancy                   1
   b - Animate Skeleton               Necromancy                   1
   c - Vampiric Draining              Necromancy                   3
   d - Regeneration                   Charms/Necromancy            3
   e - Animate Dead                   Necromancy                   4
   f - Control Undead                 Necromancy                   4
Comestibles
 b - a meat ration
 f - 5 bread rations
 o - 3 fruits


   Skills:
 + Level 5.1 Fighting
 + Level 6.8 Axes
 + Level 5.2 Armour
 + Level 1.2 Dodging
 + Level 5.2 Shields


You had 6 spell levels left.
You didn't know any spells.

Dungeon Overview and Level Annotations

Branches:
Dungeon (4/15)
 Temple: D:4-7

Altars:
Dithmenos
Okawaru
Sif Muna
Trog
Zin

Annotations:
D:4 Sigmund


Message History

Your chain mail prevents you from hitting something.
You hear some strange, mumbled words.
A magic dart appears from out of thin air!
The magic dart hits you!
* * * LOW HITPOINT WARNING * * *
It was a potion of brilliance.
You feel clever all of a sudden. Something hits you.
* * * LOW HITPOINT WARNING * * *
You feel very mighty all of a sudden.
Sigmund appears from thin air!
Reactivating autopickup.
You closely miss Sigmund.
Sigmund is heavily wounded.
Sigmund hits you with a scythe.
* * * LOW HITPOINT WARNING * * *
You closely miss Sigmund.
Sigmund is heavily wounded.
Sigmund hits you with a scythe!
You die...

..# ..# ..# ..#
..# ..# ###
####### #.....# .#
######## #@#####
>. ### ........
#@# o # #..
######## #.# .#.#
#@# #.# ###... #.#
#.# #.#o #.# #####
#.###.# #.# ....#
#...{.#########?##
###.#
#.####............
#.# #.#
###########.#


You could see Sigmund.

Vanquished Creatures
  Pikel (D:4)
  An ice beast (D:3)
  3 gnolls (D:2)
  2 adders
  2 dart slugs (D:2)
  8 leopard geckos
  4 orcs
  4 giant cockroaches
  4 goblins (D:2)
  2 hobgoblins
  5 ball pythons
  4 bats
  2 frilled lizards
  5 kobolds
  10 rats
57 creatures vanquished.

Vanquished Creatures (others)
  A phantom (D:4)
  An orc priest (D:4)
  2 orcs (D:4)
4 creatures vanquished.

Grand Total: 61 creatures vanquished

Notes
Turn   | Place    | Note
-------+----------+-------------------------------------------
     0 | D:1      | tmwrnj the Hill Orc Fighter began the quest for the Orb.
     0 | D:1      | Reached XP level 1. HP: 19/19 MP: 1/1
   190 | D:1      | Reached skill level 3 in Axes
   260 | D:1      | Reached XP level 2. HP: 27/27 MP: 2/2
   715 | D:2      | Reached XP level 3. HP: 30/33 MP: 3/3
   735 | D:2      | Found an iron altar of Okawaru.
   828 | D:2      | Found a bloodstained altar of Trog.
  1019 | D:2      | Found a deep blue altar of Sif Muna.
  1094 | D:2      | Reached XP level 4. HP: 27/40 MP: 4/4
  1557 | D:3      | Reached skill level 4 in Axes
  1607 | D:3      | Found a glowing silver altar of Zin.
  1838 | D:3      | Noticed an ice beast
  1844 | D:3      | Killed an ice beast
  1844 | D:3      | Reached skill level 1 in Dodging
  1844 | D:3      | Reached XP level 5. HP: 47/47 MP: 5/5
  1956 | D:3      | Found a shadowy altar of Dithmenos.
  2340 | D:4      | Reached skill level 5 in Axes
  2385 | D:4      | Noticed a slave
  2385 | D:4      | Noticed a slave
  2387 | D:4      | Noticed Pikel
  2404 | D:4      | Killed Pikel
  2404 | D:4      | Reached skill level 5 in Fighting
  2404 | D:4      | Reached skill level 6 in Axes
  2404 | D:4      | Reached skill level 5 in Armour
  2404 | D:4      | Reached skill level 5 in Shields
  2404 | D:4      | Reached XP level 6. HP: 26/56 MP: 6/6
  2404 | D:4      | Reached XP level 7. HP: 28/61 MP: 7/7
  2430 | D:4      | Became a worshipper of Beogh the Brigand
  2435 | D:4      | Noticed Sigmund
  2494 | D:4      | Slain by Sigmund

Skill      XL: |  1  2  3  4  5 |
---------------+----------------+-----
Axes           | 3 4 6 |  6.8
Fighting       | 4 5 |  5.1
Shields        | 4 5 |  5.2
Armour         | 4 5 |  5.2
Dodging        | 1 |  1.2

Action                   |  1- 3 |  4- 6 |  7- 9 || total
-------------------------+-------+-------+-------++-------
Melee: War axe           |   120 |   100 |    18 ||   238
Invok: Convert to Beogh  |       |       |     1 ||     1
  Use: Potion            |       |       |     2 ||     2
  Eat: Chunk             |     1 |     4 |       ||     5
Armor: Scale mail        |    56 |    16 |       ||    72
       Chain mail        |       |    18 |     7 ||    25
Dodge: Dodged            |    30 |    18 |     4 ||    52
Block: Shield            |    76 |    53 |     3 ||   132
